cohdb
Replays
Latest Replays
All Replays
Popular Replays
Top Player Replays
Match Explorer
How It Works
Community
CoH3 Stats
Reddit
Sign in to upload your games and track your stats! →
Sign in with Steam
Match 28216125
Unlisted
Match 28216125
Overview
Messages
Build Orders
End
Construct Barracks
Engineer Squad
Riflemen Squad
Riflemen Squad
Grenade Package
Riflemen Squad
Selects Advanced Infantry Battlegroup
Selects Convert to Ranger Squad
M1 Mortar Team
Selects Frontline Medical Station
Frontline Medical Station
Convert to Ranger Squad
Infantry Support Center
Frontline Medical Station
Convert to Ranger Squad
Selects Infantry Assault
iAinEng
hallo.bram52
KoningKeizer
Akaxiya
名声在外
感谢撸友给予明朝肘击
MAOMAO
346960431
0
0
Comments
sign in to comment!
No comments posted yet!